 Dungeon Crawl Stone Soup version 0.29.0-4-gdea44cf6ec (webtiles) character file.

Game seed: 12397171748743849729

171 qw the Chopper (level 5, -1/30 HPs)
             Began as a Tengu Warper on Aug 28, 2022.
             Slain by a water moccasin (7 damage)
             ... on level 7 of the Dungeon.
             The game lasted 00:00:23 (3414 turns).

qw the Chopper (Tengu Warper)                       Turns: 3414, Time: 00:00:23

Health: -1/30      AC:  5    Str: 14    XL:     5   Next: 51%
Magic:  9/9        EV: 13    Int: 13    God:
Gold:   216        SH:  0    Dex: 19    Spells: 8/8 levels left

rFire   . . .      SeeInvis .   Y - +1 hand axe
rCold   . . .      Faith    .   (no shield)
rNeg    . . .      Spirit   .   i - +0 ring mail
rPois   .          Reflect  .   (helmet restricted)
rElec   .          Harm     .   (no cloak)
rCorr   +          Rampage  .   (no gloves)
Will    .....                   (boots unavailable)
Stlth   +.........              (no amulet)
HPRegen 0.10/turn               k - +6 ring of dexterity
MPRegen 0.11/turn               l - ring of resist corrosion

@: lethally poisoned (-1 -> -7), about to teleport, weak-willed, flying quickly
and evasively, quick
A: beak, talons 3, nimble flight
a: no special abilities


You were on level 7 of the Dungeon.
You visited 1 branch of the dungeon, and saw 5 of its levels.

You collected 216 gold pieces.


Innate Abilities, Weirdness & Mutations

You have a beak for a mouth.
You have claws for feet.
Your magical nature lets you fly swiftly and evasively.


   Skills:
 - Level 2.0 Fighting
 - Level 6.1 Axes
 - Level 1.0 Throwing
 - Level 1.1 Armour
 + Level 2.2 Dodging
 - Level 2.0 Spellcasting
 - Level 2.4 Translocations


You had 8 spell levels left.
You didn't know any spells.
Your spell library contained the following spells:

 Spells                   Type           Power      Damage    Failure   Level
 Blink                    Tloc           14%        N/A       30%         2
 Gell's Gravitas          Tloc           7%         N/A       52%         3
 Lesser Beckoning         Tloc           7%         N/A       52%         3
 Teleport Other           Tloc           7%         N/A       52%         3
 Manifold Assault         Tloc           7%         N/A       99%         5

Inventory:

Hand Weapons
 b - a +0 whip
 Y - a +1 hand axe (weapon)
Armour
 i - a +0 ring mail (worn)
Jewellery
 k - a +6 ring of dexterity (left hand)
 l - a ring of resist corrosion (right hand)
Scrolls
 p - a scroll of identify
Potions
 d - a potion of attraction {unknown}
 e - a potion of haste {unknown}
 f - a potion of might
 g - 2 potions of curing
 h - a potion of brilliance {unknown}
 j - a potion of flight {unknown}
 m - a potion of resistance {unknown}

Dungeon Overview and Level Annotations

Branches:
Dungeon (7/15)
 Temple: D:4-7

Altars:
Ru


Message History

(D) Dungeon
Where to? (* - list waypoints, Enter - D:4, ? - help)
What level of the Dungeon? (default 1, ? - help) Sorry, I don't know how to get there.
You now have 216 gold pieces (gained 9).
A water moccasin comes into view.
You closely miss the water moccasin. Your peck misses the water moccasin.
The water moccasin bites you but does no damage.
You hit the water moccasin. Your kick misses the water moccasin.
The water moccasin is lightly wounded.
The water moccasin barely misses you. The water moccasin bites you!
You hit the water moccasin.
The water moccasin is lightly wounded.
The water moccasin misses you.
You barely miss the water moccasin.
The water moccasin is lightly wounded.
The water moccasin barely misses you.
You hit the water moccasin.
You peck the water moccasin, but do no damage.
The water moccasin is moderately wounded.
The water moccasin bites you. The water moccasin misses you.
You barely miss the water moccasin. Your kick misses the water moccasin.
The water moccasin is moderately wounded.
The water moccasin bites you.
You hit the water moccasin. Your kick misses the water moccasin.
Your peck misses the water moccasin.
The water moccasin is moderately wounded.
The water moccasin bites you!
You are lethally poisoned!
The water moccasin poisons you!
The water moccasin bites you but does no damage.
You closely miss the water moccasin. You claw the water moccasin.
You peck the water moccasin.
The water moccasin is heavily wounded.
You feel sick. The water moccasin closely misses you.
3414 ||| READING scroll of teleportation.
As you read the scroll of teleportation, it crumbles to dust.
You feel strangely unstable.
You feel sick. The water moccasin bites you!
You die...

#.# .....+
#.##.....#
#........#
##......:.#
#.........#
#.....##+#
#.....#
.####..S..#
.......@..#
.$..>.....#
..##....###
. #....#
#....#
#....#
#....#
#....+


You could see a water moccasin.

Vanquished Creatures
  A jelly (D:4)
  Jessica (D:3)
  Robin (D:2)
  An adder (D:1)
  An adder skeleton (D:2)
  An adder zombie (D:2)
  A worm (D:3)
  5 bats
  A bat skeleton (D:2)
  A bat zombie (D:2)
  7 endoplasms
  5 giant cockroaches
  21 goblins
  6 hobgoblins
  4 jackals (D:1)
  3 quokkas
  4 ball pythons
  4 frilled lizards
  5 kobolds
  2 rats (D:2)
75 creatures vanquished.

Vanquished Creatures (others)
  2 withered plants (D:2)
2 creatures vanquished.

Grand Total: 77 creatures vanquished

Notes
Turn   | Place    | Note
-------+----------+-------------------------------------------
     0 | D:1      | qw the Tengu Warper began the quest for the Orb.
     0 | D:1      | Reached XP level 1. HP: 12/12 MP: 4/4
     0 | D:1      | 0 ||| qw: Version: 0.1-a-89-g26bdef1
     0 | D:1      | 0 ||| qw: Game counter: 146
     0 | D:1      | 0 ||| qw: Always use a shield: true
     0 | D:1      | 0 ||| qw: God list: Okawaru
     0 | D:1      | 0 ||| qw: Allow faded altars: false
     0 | D:1      | 0 ||| qw: Do Orc after D:15 true
     0 | D:1      | 0 ||| qw: Do second Lair branch before Depths: true
     0 | D:1      | 0 ||| qw: Lair rune preference: random
     0 | D:1      | 0 ||| qw: Plans: Normal
     0 | D:1      | 0 ||| PLANNING D:1-11
    41 | D:1      | 41 ||| Stepping ~*~*~tactically~*~*~ (stealth).
    44 | D:1      | 44 ||| Stepping ~*~*~tactically~*~*~ (stealth).
    49 | D:1      | Reached XP level 2. HP: 17/17 MP: 6/6
    50 | D:1      | 50 ||| Stepping ~*~*~tactically~*~*~ (stealth).
    52 | D:1      | 52 ||| Stepping ~*~*~tactically~*~*~ (stealth).
    54 | D:1      | 54 ||| Stepping ~*~*~tactically~*~*~ (stealth).
    55 | D:1      | 55 ||| Stepping ~*~*~tactically~*~*~ (stealth).
    56 | D:1      | 56 ||| Stepping ~*~*~tactically~*~*~ (stealth).
    61 | D:1      | Reached skill level 3 in Axes
   617 | D:1      | Reached XP level 3. HP: 21/21 MP: 7/7
   854 | D:1      | 854 ||| UPGRADING to +0 ring mail.
   864 | D:1      | 864 ||| DROPPING +0 leather armour.
   865 | D:1      | 865 ||| DROPPING scroll of blinking.
   896 | D:2      | 896 ||| STAIRDANCE
   949 | D:1      | 949 ||| DROPPING +0 club.
   953 | D:2      | 953 ||| STAIRDANCE
   959 | D:1      | Reached skill level 4 in Axes
  1019 | D:2      | 1019 ||| STAIRDANCE
  1078 | D:2      | 1078 ||| STAIRDANCE
  1281 | D:2      | Noticed Robin
  1290 | D:2      | 1290 ||| FLEEEEING.
  1291 | D:2      | 1291 ||| FLEEEEING.
  1292 | D:2      | 1292 ||| FLEEEEING.
  1293 | D:2      | 1293 ||| FLEEEEING.
  1294 | D:2      | 1294 ||| FLEEEEING.
  1295 | D:2      | 1295 ||| FLEEEEING.
  1296 | D:2      | 1296 ||| FLEEEEING.
  1297 | D:2      | 1297 ||| FLEEEEING.
  1298 | D:2      | 1298 ||| FLEEEEING.
  1311 | D:2      | HP: 5/21 [Robin/+4 club (2)]
  1312 | D:2      | Killed Robin
  1313 | D:2      | Reached XP level 4. HP: 6/26 MP: 8/8
  1320 | D:2      | 1320 ||| FLEEEEING.
  1321 | D:2      | 1321 ||| FLEEEEING.
  1322 | D:2      | 1322 ||| FLEEEEING.
  1620 | D:2      | 1620 ||| Stepping ~*~*~tactically~*~*~ (stealth).
  1725 | D:2      | Reached skill level 5 in Axes
  1814 | D:2      | 1814 ||| Stepping ~*~*~tactically~*~*~ (stealth).
  1831 | D:2      | 1831 ||| Stepping ~*~*~tactically~*~*~ (stealth).
  2161 | D:2      | Found a faded altar of an unknown god.
  2327 | D:2      | 2327 ||| UPGRADING to +6 ring of dexterity.
  2328 | D:2      | 2328 ||| UPGRADING to ring of resist corrosion.
  2329 | D:2      | 2329 ||| READING scroll labelled RETEMIEROP.
  2330 | D:2      | 2330 ||| READING scroll labelled SIYNOGHECW.
  2331 | D:2      | 2331 ||| READING scroll labelled BUCSIA XOUN.
  2332 | D:2      | 2332 ||| DRINKING 2 ruby potions.
  2353 | D:3      | 2353 ||| STAIRDANCE
  2373 | D:3      | 2373 ||| STAIRDANCE
  2384 | D:3      | 2384 ||| STAIRDANCE
  2654 | D:3      | Found a sacrificial altar of Ru.
  2657 | D:3      | 2657 ||| Stepping ~*~*~tactically~*~*~ (hiding).
  2815 | D:3      | Noticed Jessica
  2816 | D:3      | 2816 ||| Stepping ~*~*~tactically~*~*~ (hiding).
  2823 | D:3      | Killed Jessica
  2824 | D:3      | Gained mutation: Your magical nature lets you fly swiftly
                  | and evasively. [Tengu growth]
  2824 | D:3      | Reached XP level 5. HP: 28/30 MP: 9/9
  3030 | D:3      | 3030 ||| DROPPING ring of magical power.
  3031 | D:3      | 3031 ||| READING scroll labelled RIEMUU FUZI.
  3032 | D:3      | 3032 ||| DRINKING 2 fizzy purple potions.
  3101 | D:4      | 3101 ||| Stepping ~*~*~tactically~*~*~ (stealth).
  3141 | D:4      | 3141 ||| Stepping ~*~*~tactically~*~*~ (stealth).
  3142 | D:4      | 3142 ||| Stepping ~*~*~tactically~*~*~ (stealth).
  3147 | D:4      | 3147 ||| Stepping ~*~*~tactically~*~*~ (stealth).
  3149 | D:4      | 3149 ||| Stepping ~*~*~tactically~*~*~ (stealth).
  3152 | D:4      | Reached skill level 6 in Axes
  3152 | D:4      | 3152 ||| FLEEEEING.
  3153 | D:4      | 3153 ||| FLEEEEING.
  3154 | D:4      | 3154 ||| FLEEEEING.
  3155 | D:4      | 3155 ||| FLEEEEING.
  3156 | D:4      | 3156 ||| FLEEEEING.
  3157 | D:4      | 3157 ||| FLEEEEING.
  3158 | D:4      | 3158 ||| FLEEEEING.
  3159 | D:4      | 3159 ||| FLEEEEING.
  3160 | D:4      | 3160 ||| FLEEEEING.
  3161 | D:4      | 3161 ||| FLEEEEING.
  3162 | D:4      | 3162 ||| FLEEEEING.
  3163 | D:4      | 3163 ||| FLEEEEING.
  3164 | D:4      | 3164 ||| FLEEEEING.
  3165 | D:4      | 3165 ||| FLEEEEING.
  3166 | D:4      | 3166 ||| FLEEEEING.
  3167 | D:4      | 3167 ||| FLEEEEING.
  3168 | D:4      | 3168 ||| FLEEEEING.
  3169 | D:4      | 3169 ||| FLEEEEING.
  3170 | D:4      | 3170 ||| FLEEEEING.
  3173 | D:4      | 3173 ||| FLEEEEING.
  3174 | D:4      | 3174 ||| FLEEEEING.
  3175 | D:4      | 3175 ||| FLEEEEING.
  3176 | D:4      | 3176 ||| FLEEEEING.
  3177 | D:4      | 3177 ||| FLEEEEING.
  3178 | D:4      | 3178 ||| FLEEEEING.
  3182 | D:4      | 3182 ||| FLEEEEING.
  3183 | D:4      | 3183 ||| FLEEEEING.
  3254 | D:4      | You are sucked into a shaft and drop 3 floors!
  3255 | D:7      | 3255 ||| READING 2 scrolls labelled WAROXIADGHO.
  3258 | D:7      | 3258 ||| READING scroll labelled YSYUTINYORGH.
  3395 | D:7      | 3395 ||| READING scroll labelled QECIXT GOHYFEJ.
  3396 | D:7      | 3396 ||| READING scroll labelled WEMMOT QEKKUM.
  3401 | D:7      | Noticed a water moccasin
  3413 | D:7      | HP: 7/30 [poisoned by a water moccasin]
  3414 | D:7      | 3414 ||| READING scroll of teleportation.
  3414 | D:7      | Slain by a water moccasin

Levels and vault maps discovered:
D:1:      amcnicky_arrival_blooded_trapdoor, layout_rooms
D:2:      layout_loops_ring, serial_undead, serial_undead_a, serial_undead_b,
          serial_undead_f, serial_undead_f, serial_undead_e,
          shapermc_ecumenical_altar_pompeii, uniq_robin
D:3:      layout_basic, nicolae_ru_sacrificial_ziggurat, grunt_ministairs_4,
          uniq_jessica
D:4:      layout_loops_ring, mainiacjoe_overflow_six_doors_small,
          overflow_temple_1_default, hangedman_decor_clover_reticule,
          uniq_crazy_yiuf_cottage
D:7:      layout_basic, lemuel_coloured_pillars_altar, lemuel_blue_sif_altar,
          mainiacjoe_overflow_large_starburst,
          minmay_temple_entry_drinking_statues, corexii_leaking_fountain

Skill      XL: |  1  2  3  4  5 |
---------------+----------------+-----
Axes           | 3 4 5 6 |  6.1
Fighting       | |  2.0
Throwing       | |  1.0
Armour         | |  1.1
Dodging        | |  2.2
Spellcasting   | |  2.0
Translocations | |  2.4

Action                   |  1- 3 |  4- 6 || total
-------------------------+-------+-------++-------
Melee: Hand axe          |    76 |    94 ||   170
       Kick              |    16 |    26 ||    42
       Peck              |     9 |    14 ||    23
       Punch             |       |     2 ||     2
Throw: Boomerang         |     7 |       ||     7
  Use: Scroll            |       |     9 ||     9
       Potion            |       |     2 ||     2
Armor: Leather armour    |     8 |       ||     8
       Ring mail         |    13 |    22 ||    35
Dodge: Dodged            |    41 |    40 ||    81

Table legend:
 A = Non-vault XP
 B = Vault XP
 C = Vault XP percentage of total XP
 D = Non-vault monster count
 E = Vault monster count
 F = Vault count percentage of total count
                 A         B        C        D         E       F
            +---------+---------+-------+---------+---------+-------
      Total |     153 |      92 |  37.6 |      56 |      19 |  25.3
            +---------+---------+-------+---------+---------+-------
        D:1 |      56 |       0 |   0.0 |      26 |       0 |   0.0
        D:2 |      32 |      51 |  61.4 |      20 |      16 |  44.4
        D:3 |      14 |      41 |  74.5 |       6 |       3 |  33.3
        D:4 |      51 |       0 |   0.0 |       4 |       0 |   0.0
            +---------+---------+-------+---------+---------+-------
